 Dungeon Crawl Stone Soup version 0.27-a0-1378-gdefffd1ff6 (webtiles) character file.

Game seed: 7988678978493815063

4779 dolemite99 the Frost Mage (level 10, -10/74 HPs)
             Began as a Gnoll Ice Elementalist on June 30, 2021.
             Was a Follower of Uskayaw.
             Mangled by a two-headed ogre (14 damage)
             ... while paralysed by a hornet
             ... on level 9 of the Dungeon.
             The game lasted 00:17:42 (13205 turns).

dolemite99 the Frost Mage (Gnoll Ice Elementalist) Turns: 13205, Time: 00:17:43

Health: -10/74     AC:  9    Str:  7    XL:     10   Next: 47%
Magic:  12/21      EV:  2    Int: 19    God:    Uskayaw [*.....]
Gold:   323        SH:  0    Dex: 12    Spells: 12/23 levels left

rFire    . . .     SeeInvis .   b - +0 hand crossbow
rCold    . . .     Faith    .   (no shield)
rNeg     . . .     Spirit   .   R - +0 steam dragon scales
rPois    .         Reflect  .   (no helmet)
rElec    .         Harm     .   D - +0 cloak
rCorr    .         Rampage  .   (no gloves)
Will     +....                  C - +1 pair of boots
Stlth    +++.......             (no amulet)
HPRegen  0.22/turn              n - ring of willpower
MPRegen  0.17/turn              (no ring)

@: paralysed, lethally poisoned (-10 -> -16), slowed
A: fangs 1, strong nose, distributed training
a: Renounce Religion, Stomp


You were on level 9 of the Dungeon.
You worshipped Uskayaw.
Uskayaw was noncommittal.
You visited 1 branch of the dungeon, and saw 9 of its levels.

You collected 433 gold pieces.
You spent 110 gold pieces at shops.

Inventory:

Hand Weapons
 a - a +1 whip of venom
 b - a +0 hand crossbow (weapon)
 t - a +4 long sword
 E - a +4 spear
 L - a +3 short sword of holy wrath
 P - a +1 shortbow
 Q - a +2 war axe of distortion
Missiles
 c - 347 stones
 f - 21 poisoned darts
 j - a throwing net
 o - 5 curare-tipped darts
 r - 80 arrows
 y - 3 javelins
 z - 54 bolts (quivered ammo)
 J - 4 atropa-tipped darts
 T - 58 sling bullets
Armour
 C - a +1 pair of boots (worn)
 D - a +0 cloak (worn)
 R - +0 steam dragon scales (worn)
Magical Staves
 q - a staff of fire
 u - a staff of poison
 F - a staff of conjuration
Jewellery
 n - a ring of willpower (left hand)
 M - a ring of protection from cold
Wands
 g - a wand of iceblast (7)
 k - a wand of flame (21)
 H - a wand of paralysis (3)
 I - a wand of mindburst (5)
Scrolls
 h - 3 scrolls of teleportation
 i - 2 scrolls of enchant weapon
 p - 2 scrolls of noise {unknown}
 s - 6 scrolls of amnesia
 v - a scroll of identify {@r1}
 w - a scroll of fear {unknown}
 x - 2 scrolls of magic mapping
 A - a scroll of holy word {unknown}
 B - a scroll of summoning {unknown}
 G - a scroll of fog {unknown}
Potions
 d - 2 potions of heal wounds
 e - a potion of resistance
 l - 2 potions of magic
 m - 4 potions of curing
 K - 2 potions of brilliance
 N - 2 potions of attraction
 O - a potion of lignification
Miscellaneous
 S - a box of beasts


   Skills:
 + Level 5.3 Fighting
 + Level 5.3 Short Blades
 + Level 5.3 Long Blades
 + Level 5.3 Axes
 + Level 5.3 Maces & Flails
 + Level 5.3 Polearms
 + Level 5.3 Staves
 + Level 5.3 Slings
 + Level 5.3 Bows
 + Level 5.3 Crossbows
 + Level 5.3 Throwing
 + Level 5.3 Armour
 + Level 7.1 Dodging
 + Level 6.8 Stealth
 + Level 5.3 Shields
 + Level 5.3 Unarmed Combat
 + Level 7.4 Spellcasting
 + Level 4.4 Conjurations
 + Level 4.4 Hexes
 + Level 4.4 Summonings
 + Level 4.4 Necromancy
 + Level 4.4 Translocations
 + Level 4.4 Transmutations
 + Level 4.4 Fire Magic
 + Level 8.4 Ice Magic
 + Level 4.4 Air Magic
 + Level 4.4 Earth Magic
 + Level 4.4 Poison Magic
 + Level 5.8 Invocations
 + Level 5.3 Evocations


You had 12 spell levels left.
You knew the following spells:

 Your Spells              Type           Power      Damage    Failure   Level
a - Freeze                Ice            100%       1d11      1%          1
b - Frozen Ramparts       Ice            78%        1d9       1%          3
c - Ozocubu's Armour      Ice            39%        N/A       1%          3
d - Tukima's Dance        Hex            23%        N/A       4%          3
s - Animate Skeleton      Necr           46%        N/A       1%          1

Your spell library contained the following spells:

 Spells                   Type           Power      Damage    Failure   Level
 Apportation              Tloc           46%        N/A       1%          1
 Corona                   Hex            25%        N/A       1%          1
 Summon Small Mammal      Summ           92%        N/A       1%          1
 Ensorcelled Hibernation  Hex/Ice        62%        N/A       1%          2
 Confusing Touch          Hex            23%        N/A       4%          3
 Dazzling Flash           Conj/Hex       46%        N/A       4%          3
 Hailstorm                Conj/Ice       31%        3d8       7%          4
 Metabolic Englaciation   Hex/Ice        15%        N/A       19%         5


Dungeon Overview and Level Annotations

Branches:
Dungeon (9/15)             Temple (0/1) D:5            Lair (0/6) D:8
    Orc: D:9-12

Altars:
Cheibriados
Dithmenos
Fedhas
Gozag
Hepliaklqana
Kikubaaqudgha
Uskayaw
Wu Jian
Yredelemnul
The Shining One

Shops:
D:4 [

Annotations:
D:4 1 exclusion


Innate Abilities, Weirdness & Mutations

You have very sharp teeth.
Your uncanny sense of smell can sniff out nearby items.
Your experience applies equally to all skills.


Message History

The hornet is heavily wounded.
The hornet buzzes angrily.
You hear a bellow! x2; You hear a shout! x3
You can now pass through a line of other dancers.
Okay, then.
Casting: Freeze (safe; 1% risk of failure)
Confirm with . or Enter, or press ? or * to list all spells.
Aiming: Tukima's Dance (dangerous; 4% risk of failure)
Press: ? - help, Shift-Dir - straight line, f/p - two-headed ogre
Aim: a two-headed ogre, wielding two +0 giant clubs (moderately wounded, chance to affect: 45%)
The two-headed ogre resists with some effort.
Casting: Tukima's Dance (dangerous; 4% risk of failure)
Confirm with . or Enter, or press ? or * to list all spells.
Aiming: Tukima's Dance (dangerous; 4% risk of failure)
Press: ? - help, Shift-Dir - straight line, f/p - two-headed ogre
Aim: a two-headed ogre, wielding two +0 giant clubs (moderately wounded, chance to affect: 45%)
The two-headed ogre resists with some effort.
The two-headed ogre barely misses you.
The two-headed ogre hits you with a +0 giant club!
The hornet stings you.
You are poisoned.
You feel yourself slow down.
Casting: Tukima's Dance (dangerous; 4% risk of failure)
Confirm with . or Enter, or press ? or * to list all spells.
Aiming: Tukima's Dance (dangerous; 4% risk of failure)
Press: ? - help, Shift-Dir - straight line, f/p - two-headed ogre
Aim: a two-headed ogre, wielding two +0 giant clubs (moderately wounded, chance to affect: 45%)
The +0 giant club dances into the air!
You feel yourself speed up.
You feel very sick. The hornet stings you.
You suddenly lose the ability to move!
The hornet stings you!
You feel yourself slow down.
The two-headed ogre hits you with a +0 giant club!
The two-headed ogre hits you with a +0 giant club!!
* * * LOW HITPOINT WARNING * * *
The hornet stings you but does no damage.
You can no longer pass through a line of other dancers.
* * * LOW HITPOINT WARNING * * *
You feel sick.
The two-headed ogre hits you with a +0 giant club!
You die...

##########
#........#
#........#
#........###
#..(@O...'.#
#....y...#.#
#........#
####'#####
..# .## #


You could see a two-headed ogre (ally target), a hornet and a friendly +0 giant
club.

Vanquished Creatures
  A harpy (shapeshifter) (D:9)
  Maggie (D:7)
  2 shadows
  A steam dragon (D:7)
  2 wargs (D:8)
  2 water moccasins
  A black bear (D:4)
  An ice beast (D:7)
  2 orc warriors (D:8)
  An ogre (D:5)
  2 necrophages
  2 centaurs
  2 kobold brigands
  5 bullfrogs
  2 gnoll sergeants
  3 scorpions
  2 water moccasin skeletons
  4 wights (D:6)
  5 killer bees (D:5)
  5 howler monkeys
  A centaur zombie (D:8)
  2 jellies
  6 orc priests
  2 centaur skeletons (D:7)
  2 iguanas
  10 orc wizards
  A hound skeleton (D:2)
  3 adders
  17 gnolls
  A shadow imp (D:6)
  A white imp (D:5)
  2 ufetubi
  An adder skeleton (D:2)
  2 dart slugs
  14 orcs
  9 ball pythons
  5 bats
  8 endoplasms
  5 giant cockroaches
  6 hobgoblins
  6 jackals
  12 kobolds
  3 quokkas
  3 frilled lizards
  2 goblins
  7 rats
177 creatures vanquished.

Vanquished Creatures (collateral kills)
  A worm (D:7)
1 creature vanquished.

Vanquished Creatures (others)
  A plant (D:8)
1 creature vanquished.

Grand Total: 179 creatures vanquished

Notes
Turn   | Place    | Note
-------+----------+-------------------------------------------
     0 | D:1      | dolemite99 the Gnoll Ice Elementalist began the quest for
                  | the Orb.
     0 | D:1      | Reached XP level 1. HP: 13/13 MP: 6/6
   138 | D:1      | Reached XP level 2. HP: 16/19 MP: 5/7
   867 | D:1      | Found a faded altar of an unknown god.
   870 | D:1      | Became a worshipper of Uskayaw the Reveller
   870 | D:1      | Reached * piety under Uskayaw
   912 | D:1      | Reached XP level 3. HP: 24/25 MP: 6/9
   912 | D:1      | Reached ** piety under Uskayaw
   921 | D:1      | Reached skill level 5 in Spellcasting
  1709 | D:2      | Learned a level 3 spell: Frozen Ramparts
  1747 | D:2      | Reached skill level 1 in Invocations
  2114 | D:2      | Reached skill level 1 in Fighting
  2114 | D:2      | Reached skill level 1 in Short Blades
  2114 | D:2      | Reached skill level 1 in Long Blades
  2114 | D:2      | Reached skill level 1 in Axes
  2114 | D:2      | Reached skill level 1 in Maces & Flails
  2114 | D:2      | Reached skill level 1 in Polearms
  2114 | D:2      | Reached skill level 1 in Staves
  2114 | D:2      | Reached skill level 1 in Slings
  2114 | D:2      | Reached skill level 1 in Bows
  2114 | D:2      | Reached skill level 1 in Crossbows
  2114 | D:2      | Reached skill level 1 in Throwing
  2114 | D:2      | Reached skill level 1 in Armour
  2114 | D:2      | Reached skill level 1 in Shields
  2114 | D:2      | Reached skill level 1 in Unarmed Combat
  2114 | D:2      | Reached skill level 1 in Evocations
  2530 | D:2      | Reached XP level 4. HP: 31/32 MP: 9/11
  2656 | D:2      | Found a snail-covered altar of Cheibriados.
  3304 | D:3      | Noticed a centaur
  3309 | D:3      | Killed a centaur
  3310 | D:3      | Reached skill level 1 in Conjurations
  3310 | D:3      | Reached skill level 1 in Hexes
  3310 | D:3      | Reached skill level 1 in Summonings
  3310 | D:3      | Reached skill level 1 in Necromancy
  3310 | D:3      | Reached skill level 1 in Translocations
  3310 | D:3      | Reached skill level 1 in Transmutations
  3310 | D:3      | Reached skill level 1 in Fire Magic
  3310 | D:3      | Reached skill level 1 in Air Magic
  3310 | D:3      | Reached skill level 1 in Earth Magic
  3310 | D:3      | Reached skill level 1 in Poison Magic
  3310 | D:3      | Reached XP level 5. HP: 16/37 MP: 6/12
  3650 | D:3      | Reached *** piety under Uskayaw
  3984 | D:3      | Reached XP level 6. HP: 38/44 MP: 6/13
  4428 | D:4      | Reached skill level 5 in Dodging
  4429 | D:4      | Reached **** piety under Uskayaw
  5037 | D:4      | Found Jitwitop's Armour Shop.
  5046 | D:4      | Bought a +0 pair of boots for 45 gold pieces
  5046 | D:4      | Bought a +0 cloak for 45 gold pieces
  5046 | D:4      | Bought a +0 leather armour for 20 gold pieces
  5137 | D:4      | Noticed a black bear
  5197 | D:4      | Killed a black bear
  5198 | D:4      | Reached XP level 7. HP: 25/51 MP: 1/15
  6384 | D:4      | Learned a level 3 spell: Ozocubu's Armour
  6415 | D:4      | Reached skill level 5 in Stealth
  6735 | D:5      | Entered Level 5 of the Dungeon
  7009 | D:5      | Reached XP level 8. HP: 57/57 MP: 9/16
  7525 | D:5      | Found a staircase to the Ecumenical Temple.
  8347 | D:5      | Reached ***** piety under Uskayaw
  8430 | D:5      | Learned a level 1 spell: Animate Skeleton
  8590 | D:6      | Reached XP level 9. HP: 65/65 MP: 18/18
  8835 | D:6      | Reached skill level 8 in Ice Magic
  9163 | D:6      | Found an ancient bone altar of Kikubaaqudgha.
  9485 | D:7      | Noticed Maggie
  9489 | D:7      | Killed Maggie
  9728 | D:7      | Found a blossoming altar of Fedhas.
  9733 | D:7      | Learned a level 3 spell: Tukima's Dance
  9971 | D:7      | Reached skill level 5 in Invocations
 10314 | D:7      | Reached XP level 10. HP: 61/73 MP: 20/20
 10438 | D:7      | Found a snail-covered altar of Cheibriados.
 10991 | D:8      | Found a shadowy altar of Dithmenos.
 11404 | D:8      | Reached skill level 5 in Fighting
 11404 | D:8      | Reached skill level 5 in Short Blades
 11404 | D:8      | Reached skill level 5 in Long Blades
 11404 | D:8      | Reached skill level 5 in Axes
 11404 | D:8      | Reached skill level 5 in Maces & Flails
 11404 | D:8      | Reached skill level 5 in Polearms
 11404 | D:8      | Reached skill level 5 in Staves
 11404 | D:8      | Reached skill level 5 in Slings
 11404 | D:8      | Reached skill level 5 in Bows
 11404 | D:8      | Reached skill level 5 in Crossbows
 11404 | D:8      | Reached skill level 5 in Throwing
 11404 | D:8      | Reached skill level 5 in Armour
 11404 | D:8      | Reached skill level 5 in Shields
 11404 | D:8      | Reached skill level 5 in Unarmed Combat
 11404 | D:8      | Reached skill level 5 in Evocations
 11771 | D:8      | Found a staircase to the Lair.
 12347 | D:8      | Found an opulent altar of Gozag.
 12349 | D:8      | Found a basalt altar of Yredelemnul.
 12351 | D:8      | Found a hazy altar of Hepliaklqana.
 12390 | D:8      | Found an ornate altar of the Wu Jian Council.
 12474 | D:8      | Found a glowing golden altar of the Shining One.
 12767 | D:9      | Noticed a harpy
 12773 | D:9      | Killed a harpy
 13200 | D:9      | Noticed a two-headed ogre
 13204 | D:9      | Paralysed by a hornet for 3 turns
 13205 | D:9      | Mangled by a two-headed ogre

Illustrated notes

Levels and vault maps discovered:
D:1:      dpeg_arrival_arbitrary_a, layout_basic,
          hellmonk_ecumenical_altar_inner_sanctum
D:2:      layout_basic, basic_altar
D:3:      layout_loops_ring, chequers_serial_rivers_marsh
D:4:      minmay_general_purpose_star, layout_loops_corners, serial_shops,
          nicolae_lakefront_shop, serial_bayou_crossing
D:5:      layout_basic, minmay_temple_entry_butterflies
D:6:      layout_rooms, lemuel_crystal_altar, minmay_microvault
D:7:      layout_basic, slow_altar_2, overflow_temple_1_default, uniq_maggie
D:8:      layout_gridville, nicolae_dithmenos_through_a_glass_darkly,
          minitemple, tso_oasis_becter, erik_lair_orcish_takeover
D:9:      layout_roguey, lemuel_coloured_pillars_altar,
          gammafunk_ghost_berserking_beasts, kennysheep_island_fort

Skill      XL: |  1  2  3  4  5  6  7  8  9 10 |
---------------+-------------------------------+-----
Spellcasting   | 5 6 7 |  7.4
Invocations    | 1 2 3 4 5 |  5.8
Fighting       | 1 2 3 4 5 |  5.3
Short Blades   | 1 2 3 4 5 |  5.3
Long Blades    | 1 2 3 4 5 |  5.3
Axes           | 1 2 3 4 5 |  5.3
Maces & Flails | 1 2 3 4 5 |  5.3
Polearms       | 1 2 3 4 5 |  5.3
Staves         | 1 2 3 4 5 |  5.3
Slings         | 1 2 3 4 5 |  5.3
Bows           | 1 2 3 4 5 |  5.3
Crossbows      | 1 2 3 4 5 |  5.3
Throwing       | 1 2 3 4 5 |  5.3
Armour         | 1 2 3 4 5 |  5.3
Shields        | 1 2 3 4 5 |  5.3
Unarmed Combat | 1 2 3 4 5 |  5.3
Evocations     | 1 2 3 4 5 |  5.3
Conjurations   | 1 2 3 4 |  4.4
Hexes          | 1 2 3 4 |  4.4
Summonings     | 1 2 3 4 |  4.4
Necromancy     | 1 2 3 4 |  4.4
Translocations | 1 2 3 4 |  4.4
Transmutations | 1 2 3 4 |  4.4
Fire Magic     | 1 2 3 4 |  4.4
Air Magic      | 1 2 3 4 |  4.4
Earth Magic    | 1 2 3 4 |  4.4
Poison Magic   | 1 2 3 4 |  4.4
Dodging        | 5 6 7 |  7.1
Stealth        | 5 6 |  6.8
Ice Magic      | 8 |  8.4

Action                   |  1- 3 |  4- 6 |  7- 9 | 10-12 || total
-------------------------+-------+-------+-------+-------++-------
Melee: Unarmed           |     4 |       |       |       ||     4
       Staff             |    31 |     3 |       |       ||    34
       Bite              |     6 |     1 |       |       ||     7
       Spear             |       |     4 |    10 |       ||    14
       Short sword       |       |       |     7 |       ||     7
       Whip              |       |       |       |     8 ||     8
 Fire: Shortbow          |       |    18 |   152 |    24 ||   194
       Hand crossbow     |       |       |       |    12 ||    12
Throw: Dart              |       |       |    18 |    30 ||    48
       Stone             |       |       |     3 |       ||     3
 Cast: Freeze            |    51 |    47 |    46 |    25 ||   169
       Frozen Ramparts   |     3 |     8 |    26 |    11 ||    48
       Animate Skeleton  |       |       |     1 |     2 ||     3
       Tukima's Dance    |       |       |       |     4 ||     4
Evoke: Wand              |       |       |    12 |     7 ||    19
  Use: Scroll            |       |       |    14 |       ||    14
 Stab: Paralysed         |       |       |       |     2 ||     2
Armor: Robe              |    18 |     5 |       |       ||    23
       Leather armour    |       |     1 |    15 |       ||    16
       Steam dragon scal |       |       |    21 |    23 ||    44
Dodge: Dodged            |    55 |    41 |    79 |    30 ||   205

Table legend: (Time is in decaauts)
 A = Elapsed time spent in this place.
 B = Non-inter-level travel time spent in this place.
 C = Inter-level travel time spent in this place.
 D = Time resting spent in this place.
 E = Time spent auto-exploring this place.
 F = Levels seen in this place.
 G = Mean time per level.
                   A        B        C        D        E       F      G
               +--------+--------+--------+--------+--------+-----+--------+
         Total |  13224 |  12675 |    549 |   4739 |   6009 |   9 | 1469.3 |
       Dungeon |  13224 |  12675 |    549 |   4739 |   6009 |   9 | 1469.3 |
               +--------+--------+--------+--------+--------+-----+--------+

Top non-repeatable levels by time:
     D:4: 2473 daAuts
     D:8: 2086 daAuts
     D:5: 1778 daAuts
     D:2: 1698 daAuts
     D:1: 1371 daAuts
     D:3: 1307 daAuts
     D:7: 1064 daAuts
     D:6: 1019 daAuts
     D:9: 427 daAuts
